 Dungeon Crawl Stone Soup version 0.28.0 (webtiles) character file.

Game seed: 8613280084895666536

68061 danielguo94 the Bludgeoner (level 15, 0/96 HPs)
             Began as a Gargoyle Fighter on Feb 6, 2022.
             Was a High Priest of the Shining One.
             Slain by BobtheApe's ghost (18 damage)
             ... on level 1 of the Orcish Mines.
             The game lasted 00:53:31 (19722 turns).

danielguo94 the Bludgeoner (Gargoyle Fighter)      Turns: 19722, Time: 00:53:32

Health: 0/96       AC: 35    Str: 22    XL:     15   Next: 25%
Magic:  23/23      EV:  9    Int: 10    God:    the Shining One [*****.]
Gold:   929        SH: 13    Dex: 19    Spells: 14/14 levels left

rFire   + . .      SeeInvis .   G - +1 flail (protect)
rCold   . . .      Faith    .   w - +0 kite shield
rNeg    + + +      Spirit   .   a - +0 chain mail {Will+}
rPois   ∞          Reflect  .   Q - +0 helmet
rElec   +          Harm     .   (no cloak)
rCorr   .          Rampage  .   N - +0 pair of gloves "Xyobuc" {rF+}
Will    +++..                   s - +1 pair of boots
Stlth   ..........              f - amulet of regeneration
HPRegen 1.06/turn               E - +6 ring of dexterity
MPRegen 0.18/turn               H - ring of willpower

@: under a protective aura, flying, glowing, studying Long Blades
A: sickness immunity, AC +11, big wings, negative energy resistance 1,
electricity resistance, torment resistance 1, petrification resistance
a: Renounce Religion, Divine Shield, Cleansing Flame, Summon Divine Warrior


You were on level 1 of the Orcish Mines.
You worshipped the Shining One.
The Shining One was extremely pleased with you.
You visited 4 branches of the dungeon, and saw 19 of its levels.
You also visited: Ossuary and Volcano.

You collected 2355 gold pieces.
You spent 1426 gold pieces at shops.

Inventory:

Hand Weapons
 G - a +1 flail of protection (weapon)
Missiles
 g - 724 stones (quivered)
 i - 28 poisoned darts
 u - 4 javelins
 B - 3 throwing nets
 P - 6 boomerangs
 R - 3 boomerangs of dispersal
 S - 3 silver boomerangs
Armour
 a - a +0 chain mail of willpower (worn)
 s - a +1 pair of boots (worn)
 w - a +0 kite shield (worn)
 N - the +0 pair of gloves "Xyobuc" (worn) {rF+}
   (You acquired it on level 2 of the Orcish Mines)

   rF:        It protects you from fire.
 Q - a +0 helmet (worn)
Jewellery
 f - an amulet of regeneration (around neck)
 E - a +6 ring of dexterity (left hand)
 H - a ring of willpower (right hand)
 M - an amulet of reflection
 O - an amulet of the acrobat
Wands
 b - a wand of acid (18)
 l - a wand of polymorph (12)
 x - a wand of mindburst (12)
 z - a wand of paralysis (19)
 C - a wand of iceblast (23)
 I - a wand of flame (19)
Scrolls
 c - a scroll of blinking
 d - 4 scrolls of immolation
 h - 2 scrolls of enchant weapon
 k - 17 scrolls of teleportation
 r - 8 scrolls of fog
 v - 8 scrolls of fear
 y - a scroll of magic mapping
 D - 3 scrolls of silence
 F - a scroll of identify
 J - 3 scrolls of holy word
 K - a scroll of enchant armour
 L - 2 scrolls of brand weapon
Potions
 e - 2 potions of curing
 j - a potion of attraction
 n - 3 potions of haste
 o - a potion of berserk rage
 p - 3 potions of magic
 q - 9 potions of mutation
 t - 3 potions of cancellation
 A - 2 potions of might


   Skills:
 + Level 11.9 Fighting
 * Level 16.8 Maces & Flails
 + Level 11.4 Armour
 + Level 4.0 Dodging
 + Level 11.5 Shields
 * Level 11.3 Invocations
 + Level 0.3 Evocations


You had 14 spell levels left.
You didn't know any spells.
Your spell library contained the following spells:

 Spells                   Type           Power      Damage    Failure   Level
 Beastly Appendage        Tmut           0%         N/A       99%         1
 Slow                     Hex            0%         N/A       99%         1
 Wereblood                Tmut           0%         N/A       100%        2
 Call Canine Familiar     Summ           0%         N/A       100%        3
 Confusing Touch          Hex            0%         N/A       100%        3
 Dazzling Flash           Conj/Hex       0%         N/A       100%        3
 Portal Projectile        Hex/Tloc       0%         N/A       100%        3
 Spider Form              Tmut/Pois      0%         N/A       100%        3
 Vampiric Draining        Necr           0%         2d6       100%        3
 Fulminant Prism          Conj/Hex       0%         3d6       100%        4
 Iskenderun's Mystic Bla  Conj/Tloc      0%         2d3       100%        4
 Leda's Liquefaction      Hex/Erth       0%         N/A       100%        4
 Olgreb's Toxic Radiance  Pois           0%         N/A       100%        4
 Agony                    Necr           0%         N/A       100%        5
 Lee's Rapid Deconstruct  Erth           0%         3d5*      100%        5
 Silence                  Hex/Air        0%         N/A       100%        5
 Ozocubu's Refrigeration  Ice            0%         4d5       100%        7
 Ignition                 Fire           0%         3d3       100%        8


Dungeon Overview and Level Annotations

Branches:
Dungeon (10/15)            Temple (1/1) D:4            Lair (6/6) D:8
 Shoals (0/4) Lair:4        Snake (0/4) Lair:3        Slime (0/5) Lair:6
    Orc (2/2) D:10            Elf (0/3) Orc:2       Ossuary (visited)
Volcano (visited)

Altars:
Ashenzari
Cheibriados
Dithmenos
Elyvilon
Fedhas
Gozag
Hepliaklqana
Kikubaaqudgha
Makhleb
Nemelex Xobeh
Okawaru
Qazlal
Ru
Sif Muna
Trog
Uskayaw
Vehumet
Wu Jian
Xom
Yredelemnul
Zin
The Shining One
Beogh
Jiyva

Shops:
D:2 ?:(**   D:4 !   Orc:2 *[??

Portals:
Hell: Lair:6

Annotations:
Lair:6 1 runed translucent door
Orc:1 BobtheApe's ghost, journeyman MiFi


Innate Abilities, Weirdness & Mutations

You are immune to sickness and miasma.
Your stone body is resilient. (AC +11)
You are immune to poison.
Your large and strong wings let you fly.
You resist negative energy. (rN+)
You are resistant to electric shocks. (rElec)
You are resistant to unholy torment.
You are immune to petrification.


Message History

BobtheApe's ghost is severely damaged.
You block BobtheApe's ghost's attack.
You hit BobtheApe's ghost.
BobtheApe's ghost is severely damaged.
BobtheApe's ghost hits you.
You sock BobtheApe's ghost!
BobtheApe's ghost is almost destroyed.
BobtheApe's ghost hits you!
* * * LOW HITPOINT WARNING * * *
You hit BobtheApe's ghost.
BobtheApe's ghost is almost destroyed.
You barely miss BobtheApe's ghost.
BobtheApe's ghost is almost destroyed.
BobtheApe's ghost hits you!
* * * LOW HITPOINT WARNING * * *
x2 You hit BobtheApe's ghost but do no damage.
BobtheApe's ghost is almost destroyed.
BobtheApe's ghost hits you.
* * * LOW HITPOINT WARNING * * *
x2 You hit BobtheApe's ghost but do no damage.
BobtheApe's ghost is almost destroyed.
You block BobtheApe's ghost's attack.
You hit BobtheApe's ghost but do no damage.
BobtheApe's ghost is almost destroyed.
BobtheApe's ghost says, "I sacrificed my body for ultimate power!"
BobtheApe's ghost closely misses you.
You hit BobtheApe's ghost but do no damage.
BobtheApe's ghost is almost destroyed.
Okay, then.
Unknown command.
You feel better. BobtheApe's ghost hits you.
* * * LOW HITPOINT WARNING * * *
x2 You hit BobtheApe's ghost but do no damage.
BobtheApe's ghost is almost destroyed.
BobtheApe's ghost screams, "What do you have that I didn't have?"
You block BobtheApe's ghost's attack.
You hit BobtheApe's ghost.
BobtheApe's ghost is almost destroyed.
BobtheApe's ghost hits you!!
You die...

### #........##.## #
##.###............###
##.............#..###.
##.............#......#
#....#.#######.........
##.....#)..$.#..#......
##....#...♣.#...#.....
#.....'.8...#..#.#....
##...@W....(#.........
##...'..(..#....##...
##..#(...(##....###.
#..#.....#......#..
##########.>.......
###.................
##.##................
#.......#.)))).......
##.#..##...#.).......


You could see BobtheApe's ghost.

Vanquished Creatures
  2 boulder beetles
  5 hydras
  A hell beast (Lair:6)
  2 two-headed ogres
  A catoblepas (Lair:6)
  12 death yaks
  5 orc high priests (Orc:2)
  A wizard (Lair:6)
  4 orc knights
  2 orc sorcerers
  3 deep elf pyromancers (Volcano)
  22 elephants
  2 black mambas
  3 centaur zombies (D:10)
  A torpor snail (Lair:6)
  A smoke demon (Lair:6)
  16 cane toads
  An orange demon (Lair:6)
  An unseen horror (D:10)
  7 rime drakes
  An efreet (D:10)
  18 komodo dragons
  2 red devils (Lair:6)
  2 ice devils (Lair:6)
  7 trolls
  Prince Ribbit (D:5)
  2 polar bears (Lair:3)
  13 blink frogs
  6 dream sheep (Lair:6)
  Sigmund (D:6)
  A vampire (D:10)
  38 yaks
  A wraith (D:9)
  4 fire elementals (Volcano)
  The ghost of Spectrina the Sneak, an amateur FeMo of Wu Jian (D:5)
  7 wyverns
  2 basilisks
  Menkaure (D:5)
  4 wargs
  An acid dragon (D:9)
  14 water moccasins
  7 hell hounds
  3 ice beasts
  5 black bears
  A hornet zombie (D:7)
  6 ogres
  3 sky beasts
  2 necrophages
  21 orc warriors
  4 wolves (Lair:3)
  6 centaurs
  An elf zombie (Ossuary)
  A kobold brigand (D:7)
  Blork the orc (D:6)
  11 bullfrogs
  2 gnoll sergeants (D:5)
  3 scorpions (D:5)
  A water moccasin skeleton (D:5)
  13 wights
  5 killer bees (D:9)
  A howler monkey (D:7)
  The ghost of willcat the Sneak, a weakling OpDe (D:4)
  An electric eel (Lair:5)
  2 bullfrog zombies
  A jelly (D:7)
  3 gnoll shamans
  2 centaur skeletons (D:7)
  22 orc priests
  Ijyb (D:5)
  6 hell rats (Lair:3)
  21 orc wizards
  4 mummies
  A hound zombie (D:5)
  2 howler monkey zombies
  24 gnolls
  4 adders
  3 ufetubi
  An adder skeleton (D:5)
  4 adder zombies (Ossuary)
  2 worms
  6 dart slugs
  62 orcs
  5 endoplasms
  5 goblins
  11 hobgoblins
  10 kobolds
  2 quokkas (D:2)
  4 ball pythons
  9 bats
  3 frilled lizards
  A gnoll zombie (Ossuary)
  2 goblin zombies (Ossuary)
  2 hobgoblin zombies (Ossuary)
  4 kobold zombies (Ossuary)
  3 quokka zombies (Ossuary)
  5 rats
  A rat zombie (Ossuary)
556 creatures vanquished.

Vanquished Creatures (others)
  A bush (Lair:6)
  A demonic plant (D:2)
  28 fungi
  60 plants
90 creatures vanquished.

Grand Total: 646 creatures vanquished

Notes
Turn   | Place    | Note
-------+----------+-------------------------------------------
     0 | D:1      | danielguo94 the Gargoyle Fighter began the quest for the
                  | Orb.
     0 | D:1      | Reached XP level 1. HP: 14/14 MP: 1/1
   148 | D:1      | Reached XP level 2. HP: 13/19 MP: 2/2
   817 | D:1      | Reached XP level 3. HP: 23/23 MP: 3/3
  1109 | D:1      | Reached skill level 3 in Maces & Flails
  1138 | D:2      | Reached XP level 4. HP: 20/28 MP: 4/4
  1183 | D:2      | Found Kihuox's Antique Weapon Shoppe.
  1195 | D:2      | Found Zeothij's Book Shoppe.
  1211 | D:2      | Found Amity's Magic Scroll Boutique.
  1217 | D:2      | Bought a scroll of teleportation for 30 gold pieces
  1305 | D:2      | Found a shimmering altar of Xom.
  1397 | D:2      | Found Pyakkonu's Assorted Antiques.
  1415 | D:2      | Found Jaeg's Assorted Antiques.
  1582 | D:2      | Found a faded altar of an unknown god.
  2101 | D:3      | Noticed a black bear
  2592 | D:4      | Found Jamoetir's Distillery.
  2611 | D:4      | Bought a potion of degeneration for 10 gold pieces
  2727 | D:4      | Found a radiant altar of Vehumet.
  2785 | D:4      | Reached skill level 4 in Maces & Flails
  2797 | D:4      | Found an opulent altar of Gozag.
  2860 | D:4      | Found a runed translucent door.
  2863 | D:4      | Noticed willcat's ghost (weakling OpDe)
  2899 | D:4      | Reached XP level 5. HP: 32/32 MP: 5/5
  3025 | D:4      | Found an iron altar of Okawaru.
  3067 | D:4      | Found a basalt altar of Yredelemnul.
  3129 | D:4      | Found a staircase to the Ecumenical Temple.
  3134 | D:4      | Found an ancient bone altar of Kikubaaqudgha.
  3184 | D:4      | Found a sand-covered staircase.
  3189 | Ossuary  | Entered an ossuary
  3224 | Ossuary  | Reached skill level 5 in Maces & Flails
  3252 | Ossuary  | Reached XP level 6. HP: 31/38 MP: 6/6
  3918 | D:4      | Found a sacrificial altar of Ru.
  4269 | D:5      | Entered Level 5 of the Dungeon
  4282 | D:5      | Noticed Ijyb
  4291 | D:5      | Paralysed by Ijyb for 5 turns
  4300 | D:5      | Killed Ijyb
  4452 | D:5      | Noticed a necrophage
  4500 | D:4      | Killed a necrophage
  4501 | D:4      | Reached skill level 6 in Maces & Flails
  4501 | D:4      | Reached XP level 7. HP: 41/42 MP: 7/7
  4620 | D:5      | Found a transporter.
  4629 | D:5      | Noticed Spectrina's ghost (amateur FeMo)
  4790 | Temple   | Entered the Ecumenical Temple
  4986 | Temple   | Became a worshipper of the Shining One
  5029 | D:5      | Noticed Prince Ribbit
  5067 | D:5      | Killed Prince Ribbit
  5068 | D:5      | Reached skill level 7 in Maces & Flails
  5068 | D:5      | Reached skill level 1 in Dodging
  5084 | D:5      | Noticed Menkaure
  5098 | D:5      | Killed Menkaure
  5099 | D:5      | Reached XP level 8. HP: 26/48 MP: 8/8
  5277 | D:5      | Found a transporter.
  5320 | D:5      | Reached skill level 5 in Armour
  5363 | D:5      | Identified the +10 trident of Massacring {venom, Will+
                  | Str+4 Int+3}
  5363 | D:5      | Identified the +4 scale mail of Dim Light {+Inv rC- Str+6}
  5521 | D:6      | Reached skill level 8 in Maces & Flails
  5530 | D:6      | Noticed Sigmund
  5546 | D:6      | Killed Sigmund
  5547 | D:6      | Reached skill level 1 in Invocations
  5612 | D:6      | Found a hide-covered altar of Uskayaw.
  5725 | D:5      | Reached skill level 9 in Maces & Flails
  5823 | D:6      | Reached * piety under the Shining One
  5845 | D:6      | Noticed Blork the orc
  5867 | D:6      | Killed Blork the orc
  5868 | D:6      | Reached XP level 9. HP: 51/52 MP: 10/10
  6361 | D:2      | Bought a scroll labelled PAIPPI RYDITH for 32 gold pieces
  6361 | D:2      | Bought a scroll labelled SOPPOJ PUQAUPLAZUW for 32 gold
                  | pieces
  6361 | D:2      | Bought a murky red potion for 28 gold pieces
  6361 | D:2      | Bought an inky potion for 28 gold pieces
  6376 | D:2      | Bought a murky coppery potion for 22 gold pieces
  6376 | D:2      | Bought 2 scrolls labelled SOPPOJ PUQAUPLAZUW for 50 gold
                  | pieces
  6428 | D:2      | Bought a scroll of identify for 20 gold pieces
  6428 | D:2      | Bought a scroll of identify for 20 gold pieces
  6428 | D:2      | Bought a scroll of fog for 20 gold pieces
  6428 | D:2      | Bought a scroll of immolation for 35 gold pieces
  6846 | D:7      | Identified the +0 robe "Ytauwn" {Harm rElec Str+6}
  6871 | D:7      | Reached skill level 10 in Maces & Flails
  7037 | D:7      | Reached skill level 5 in Fighting
  7189 | D:7      | Found a snail-covered altar of Cheibriados.
  7296 | D:7      | Reached ** piety under the Shining One
  7490 | D:7      | Reached skill level 11 in Maces & Flails
  7490 | D:7      | Reached XP level 10. HP: 47/60 MP: 12/12
  7676 | D:8      | Found a staircase to the Lair.
  8014 | D:8      | Reached skill level 5 in Shields
  8285 | D:9      | Found a glowing silver altar of Zin.
  8285 | D:9      | Noticed an angel
  8285 | D:9      | Reached *** piety under the Shining One
  8287 | D:9      | Found a shimmering altar of Xom.
  8953 | D:10     | Entered Level 10 of the Dungeon
  9120 | D:10     | Found a staircase to the Orcish Mines.
  9157 | D:10     | Found a stormy altar of Qazlal.
  9166 | D:10     | Reached skill level 12 in Maces & Flails
  9176 | D:10     | Reached skill level 5 in Invocations
  9244 | D:10     | Noticed an unseen horror
  9245 | D:10     | Found a faded altar of an unknown god.
  9245 | D:10     | Found a faded altar of an unknown god.
  9246 | D:10     | Found a hazy altar of Hepliaklqana.
  9267 | D:10     | Killed an unseen horror
  9445 | D:10     | Reached XP level 11. HP: 66/66 MP: 13/15
  9445 | D:10     | Noticed a centaur warrior
  9501 | D:10     | Noticed a cyclops
  9676 | D:4      | Killed willcat's ghost
  9760 | D:5      | Killed Spectrina's ghost
  9835 | D:5      | Identified the +7 dagger of Hell's Wrath {distort, Int+4}
  9971 | Lair:1   | Entered Level 1 of the Lair of Beasts
 10122 | D:8      | Reached skill level 13 in Maces & Flails
 10232 | Lair:1   | Reached **** piety under the Shining One
 10253 | Lair:1   | Noticed a six-headed hydra
 10303 | D:8      | Killed a six-headed hydra
 10488 | Lair:1   | Noticed a six-headed hydra
 10498 | Lair:1   | Killed a six-headed hydra
 10813 | Lair:1   | Reached XP level 12. HP: 69/73 MP: 15/17
 11475 | Lair:2   | Reached skill level 14 in Maces & Flails
 11612 | Lair:2   | Noticed a boulder beetle
 11956 | Lair:2   | Killed a boulder beetle
 12387 | Lair:3   | Found a staircase to the Snake Pit.
 12533 | Lair:3   | Found a dark tunnel.
 12542 | Volcano  | Entered a volcano
 13540 | Lair:4   | Noticed a boulder beetle
 13576 | Lair:4   | Killed a boulder beetle
 13577 | Lair:4   | Reached XP level 13. HP: 69/80 MP: 19/19
 13622 | Lair:4   | Found a staircase to the Shoals.
 13853 | Lair:4   | Reached skill level 15 in Maces & Flails
 14541 | Lair:5   | Reached skill level 10 in Fighting
 14733 | Lair:4   | Reached skill level 10 in Armour
 15356 | Lair:6   | Entered Level 6 of the Lair of Beasts
 15356 | Lair:6   | Reached ***** piety under the Shining One
 15665 | Lair:6   | Gained mutation: Your large and strong wings let you fly.
                  | [Gargoyle growth]
 15665 | Lair:6   | Reached XP level 14. HP: 88/88 MP: 21/21
 15772 | Lair:6   | Reached skill level 10 in Shields
 15878 | Lair:6   | Reached skill level 16 in Maces & Flails
 15914 | Lair:6   | Found a runed translucent door.
 15914 | Lair:6   | Found a viscous altar of Jiyva.
 15915 | Lair:6   | Noticed an acid blob
 15917 | Lair:6   | Noticed an acid blob
 15917 | Lair:6   | Noticed an acid blob
 15917 | Lair:6   | Noticed an acid blob
 16115 | Lair:6   | Reached skill level 10 in Invocations
 16285 | Lair:6   | Noticed an acid blob
 16287 | Lair:6   | Found a staircase to the Slime Pits.
 16595 | Lair:6   | Noticed a dire elephant
 17110 | Lair:6   | Found a burning altar of Makhleb.
 17116 | Lair:6   | Found a gateway to Hell.
 17390 | Orc:1    | Entered Level 1 of the Orcish Mines
 17496 | Orc:2    | Entered Level 2 of the Orcish Mines
 17496 | Orc:2    | Found a staircase to the Elven Halls.
 17760 | Orc:2    | Found Xusudel's Armour Emporium.
 17769 | Orc:2    | Found Baveit's Magic Scroll Shoppe.
 17769 | Orc:2    | Found Dexif's Magic Scroll Shoppe.
 17772 | Orc:2    | Found Sayklen's General Store.
 17776 | Orc:2    | Bought a scroll of teleportation for 42 gold pieces
 17776 | Orc:2    | Bought a scroll of teleportation for 42 gold pieces
 17776 | Orc:2    | Bought a scroll of identify for 28 gold pieces
 17776 | Orc:2    | Bought a scroll of silence for 105 gold pieces
 17777 | Orc:2    | Bought 3 scrolls of fear for 115 gold pieces
 17777 | Orc:2    | Bought a scroll of enchant armour for 82 gold pieces
 17777 | Orc:2    | Bought a scroll of identify for 22 gold pieces
 17777 | Orc:2    | Identified a scroll of acquirement
 17778 | Orc:2    | Acquired the +0 pair of gloves "Xyobuc" {rF+}
 17793 | Orc:2    | Bought a scroll of brand weapon for 280 gold pieces
 17795 | Orc:2    | Bought a potion of might for 52 gold pieces
 17796 | Orc:2    | Bought a scroll of teleportation for 33 gold pieces
 17796 | Orc:2    | Bought a scroll of fog for 22 gold pieces
 17796 | Orc:2    | Bought a scroll of teleportation for 33 gold pieces
 17796 | Orc:2    | Bought a scroll of teleportation for 33 gold pieces
 17796 | Orc:2    | Bought a scroll of immolation for 38 gold pieces
 17798 | Orc:2    | Bought a +1 pair of boots for 172 gold pieces
 18166 | Orc:2    | Reached XP level 15. HP: 61/96 MP: 16/23
 19634 | Orc:1    | Found a runed translucent gate.
 19634 | Orc:1    | Found a runed translucent gate.
 19634 | Orc:1    | Found a runed translucent gate.
 19634 | Orc:1    | Noticed BobtheApe's ghost (journeyman MiFi)
 19722 | Orc:1    | Slain by BobtheApe's ghost

Illustrated notes

Levels and vault maps discovered:
D:1:      dpeg_chamrin_arrival_tetris, layout_basic
D:2:      layout_loops_corners, basic_altar, shapermc_ecumenical_altar_gd,
          serial_shops, shop, shop, shop, shop, nicolae_shop_waterfront
D:3:      layout_rooms
D:4:      layout_layer_cave, mainiacjoe_overflow_alcove_4,
          nicolae_ru_the_path_less_chosen, mainiacjoe_overflow_catch_the_wave,
          okawaru_altar_gauntlet_db, amcnicky_altar_gilded,
          minmay_temple_entry_from_below_a, serial_shops, nicolae_shop_crystal,
          ebering_ghost_reflecting_pool, enter_ossuary_5
D:5:      layout_gridville, gammafunk_ghost_gnarly_gnolls, uniq_prince_ribbit1,
          uniq_ijyb, uniq_menkaure
D:6:      layout_loops_ring, nicolae_uskayaw_dance_hall, uniq_blork_the_orc,
          uniq_sigmund
D:7:      layout_gridville, slow_altar_1
D:8:      layout_rooms, erik_lair_orcish_takeover, special_room
          [special_room_orc], abandoned_shop
D:9:      layout_irregular_city, grunt_temple_overflow_order_and_chaos_1,
          minivault_5
D:10:     minmay_chambers_of_sixes, layout_cave_pools,
          nicolae_hepliaklqana_ecumenical_no_more, lemuel_crystal_altar,
          orc_0_dummy
Temple:   dpeg_chambers_temple
Lair:1:   layout_long_grid, serial_bayou_shore_b
Lair:2:   layout_cave_pods, grunt_forest_small_clearing_treed
Lair:3:   layout_cave_pods, dummy_snake_entry, enter_volcano_1,
          chequers_serial_rivers_small_3
Lair:4:   layout_gridlike, minmay_shoals_entry_centaurs
Lair:5:   layout_misc_corridors, lemuel_fruit_tree, serial_bayou_shore_b,
          infiniplex_staircase_pool_2, grunt_megastairs_4, serial_bayou_shore_a
Lair:6:   evil_forest, layout_loops_ring, slime_altar_2, grunt_megastairs_2
Orc:1:    layout_caves, ebering_ghost_rock_garden
Orc:2:    st_orc_mages, layout_caves, basic_altar

Skill      XL: |  1  2  3  4  5  6  7  8  9 10 11 12 13 14 15 |
---------------+----------------------------------------------+-----
Maces & Flails | 3 4 5 6 7 9 11 12 13 14 15 16 | 16.8
Armour         | 4 5 6 7 8 9 10 11 | 11.4
Shields        | 4 5 6 8 9 11 | 11.5
Fighting       | 4 5 6 8 9 10 11 | 11.9
Dodging        | 1 2 3 4 |  4.0
Invocations    | 2 3 5 6 8 9 10 11 | 11.3
Evocations     | |  0.3

Action                   |  1- 3 |  4- 6 |  7- 9 | 10-12 | 13-15 || total
-------------------------+-------+-------+-------+-------+-------++-------
Melee: Flail             |   113 |   304 |   372 |  1009 |  1678 ||  3476
Invok: Cleansing Flame   |       |       |       |     2 |    12 ||    14
       Divine Shield     |       |       |       |     1 |     2 ||     3
Evoke: Wand              |       |       |     3 |     1 |       ||     4
  Use: Potion            |       |     1 |       |     1 |     3 ||     5
       Scroll            |       |     1 |     9 |     7 |     8 ||    25
Armor: Scale mail        |    37 |       |       |       |       ||    37
       Chain mail        |    35 |   223 |   246 |   584 |   770 ||  1858
Dodge: Dodged            |    62 |   129 |   131 |   294 |   465 ||  1081
Block: Buckler           |    26 |    65 |    82 |    38 |       ||   211
       Kite shield       |       |       |       |   407 |   872 ||  1279
